 Dungeon Crawl Stone Soup version 0.27.1-1-g398f81649c (webtiles) character file.

Game seed: 2612541237169298955

68873 zdrol the Peltast (level 14, 0/119 HPs)
             Began as a Minotaur Fighter on Sept 7, 2021.
             Was the Champion of Okawaru.
             Incinerated by a deep elf pyromancer (2 damage)
             ... with a sticky flame
             ... on level 1 of the Elven Halls.
             The game lasted 01:40:53 (24016 turns).

zdrol the Peltast (Minotaur Fighter)               Turns: 24016, Time: 01:40:53

Health: 0/119      AC: 36    Str: 25      XL:     14   Next: 88%
Magic:  11/13      EV:  4    Int:  7 (11) God:    Okawaru [******]
Gold:   1296       SH:  0    Dex: 14      Spells: 8/13 levels left

rFire    + . .     SeeInvis .   f - +10 morningstar "Eos" {elec, Halo rElec}
rCold    . . .     Faith    .   P - +2 tower shield
rNeg     + . .     Spirit   .   q - +4 crystal plate armour of Repulsion {rF+}
rPois    +         Reflect  +   (helmet restricted)
rElec    +         Harm     .   M - +0 cloak
rCorr    .         Rampage  .   k - +1 pair of gloves {Str+3}
Will     +....                  T - +0 pair of boots
Stlth    ..........             y - amulet of reflection
HPRegen  0.29/turn              r - ring of Zin's Envy {rPois rN+ Int+6}
MPRegen  0.13/turn              S - +4 ring of protection

@: confused, on fire, glowing
A: horns 2, retaliatory headbutt
a: Renounce Religion, Heroism, Finesse


You were on level 1 of the Elven Halls.
You worshipped Okawaru.
Okawaru was exalted by your worship.
You visited 4 branches of the dungeon, and saw 21 of its levels.

You collected 1514 gold pieces.
You spent 218 gold pieces at shops.

Inventory:

Hand Weapons
 f - the +10 morningstar "Eos" (weapon) {elec, Halo rElec}
   (You acquired it on level 3 of the Dungeon)

   It occasionally discharges a powerful burst of electricity upon striking a
   foe.
   It grants its wielder a halo, increasing accuracy against those within it.
   rElec:     It insulates you from electricity.
 m - the +5 demon whip "Spellbinder" {antimagic, Will+}
   (Okawaru gifted it to you on level 1 of the Lair of Beasts)

   It reduces the magical energy of the wielder, and disrupts the spells and
   magical abilities of those it strikes.
   Natural abilities and divine invocations are not affected.
   It unleashes wild and unpredictable magical effects upon striking a wizard or
   a creature with magical abilities.
   Will:      It increases your willpower.
 G - the +8 Vampire's Tooth {vamp}
   (You found it on level 6 of the Dungeon)

   It occasionally heals its wielder for the full amount of damage dealt when it
   wounds a living foe.
Missiles
 i - 8 throwing nets
 l - 22 poisoned darts (quivered)
 t - 29 boomerangs
 x - 8 javelins
Armour
 k - a +1 pair of gloves of strength (worn)
 q - the +4 crystal plate armour of Repulsion (worn) {rF+}
   (Okawaru gifted it to you on level 14 of the Dungeon)

   rF:        It protects you from fire.
 M - a +0 cloak (worn)
 P - a +2 tower shield (worn)
 T - a +0 pair of boots (worn)
Magical Staves
 e - a staff of death
 p - a staff of cold
Jewellery
 r - the ring of Zin's Envy (left hand) {rPois rN+ Int+6}
   (You acquired it on level 3 of the Dungeon)

   [ring of intelligence]

   Int:       It affects your intelligence (+6).
   rPois:     It protects you from poison.
   rN:        It protects you from negative energy.
 v - a ring of wizardry
 y - an amulet of reflection (around neck)
 D - a ring of ice
 J - a +6 ring of dexterity
 S - a +4 ring of protection (right hand)
 U - a +4 ring of evasion
 W - a ring of protection from fire
Wands
 s - a wand of flame (18)
 H - a wand of mindburst (14)
 K - a wand of digging (2)
 N - a wand of acid (6)
 Y - a wand of charming (2)
Scrolls
 h - 4 scrolls of amnesia
 n - a scroll of summoning
 z - 4 scrolls of fog
 A - a scroll of brand weapon
 B - 9 scrolls of identify
 C - a scroll of holy word
 I - a scroll of magic mapping
 O - 4 scrolls of teleportation
 Q - 3 scrolls of enchant weapon
Potions
 a - 2 potions of lignification
 b - 7 potions of curing
 c - 2 potions of brilliance
 d - 5 potions of might
 g - 2 potions of magic
 j - 3 potions of invisibility
 o - a potion of resistance
 u - 2 potions of haste
 w - a potion of ambrosia
 E - 5 potions of attraction
 F - 2 potions of flight
 V - a potion of cancellation


   Skills:
 + Level 9.9 Fighting
 - Level 2.3(2.4) Short Blades
 - Level 0.7(1.8) Long Blades
 - Level 1.0(10.8) Axes
 - Level 15.9(16.0) Maces & Flails
 - Level 0.7(1.3) Polearms
 - Level 1.1(10.8) Staves
 - Level 1.0 Slings
 - Level 2.3 Bows
 - Level 0.6 Crossbows
 * Level 13.4 Armour
 - Level 0.4 Dodging
 * Level 7.1 Stealth
 * Level 17.8 Shields
 - Level 0.6 Unarmed Combat
 - Level 0.2 Spellcasting
 - Level 0.3 Conjurations
 - Level 0.3 Hexes
 - Level 0.5 Summonings
 - Level 0.6 Necromancy
 - Level 0.4 Translocations
 - Level 0.5 Transmutations
 - Level 0.4 Fire Magic
 - Level 0.6 Ice Magic
 - Level 0.4 Air Magic
 - Level 0.5 Earth Magic
 - Level 0.5 Poison Magic
 - Level 0.7 Invocations
 - Level 0.9 Evocations


You had 8 spell levels left.
You knew the following spells:

 Your Spells              Type           Power      Damage    Failure   Level
a - Stone Arrow           Conj/Erth      0%         3d7       100%        3
b - Blink                 Tloc           N/A        N/A       100%        2

Your spell library contained the following spells:

 Spells                   Type           Power      Damage    Failure   Level
 Apportation              Tloc           0%         N/A       100%        1
 Slow                     Hex            0%         N/A       100%        2
 Confusing Touch          Hex            0%         N/A       100%        3
 Dazzling Flash           Conj/Hex       0%         N/A       100%        3
 Lesser Beckoning         Tloc           0%         N/A       100%        3
 Vampiric Draining        Necr           0%         2d6       100%        3
 Leda's Liquefaction      Hex/Erth       0%         N/A       100%        4
 Summon Ice Beast         Ice/Summ       0%         N/A       100%        4
 Agony                    Necr           1%         N/A       100%        5
 Alistair's Intoxication  Tmut/Pois      0%         N/A       100%        5
 Bolt of Magma            Conj/Fire/Erth 0%         4d4       100%        5
 Manifold Assault         Tloc           0%         N/A       100%        5
 Silence                  Hex/Air        0%         N/A       100%        5
 Summon Mana Viper        Hex/Summ       0%         N/A       100%        5
 Invisibility             Hex            0%         N/A       100%        6
 Statue Form              Tmut/Erth      0%         N/A       100%        6
 Monstrous Menagerie      Summ           0%         N/A       100%        7
 Shatter                  Erth           0%         3d5*      100%        9


Dungeon Overview and Level Annotations

Branches:
Dungeon (15/15)            Temple (0/1) D:5            Lair (3/6) D:11
 Spider (0/4) Lair:3          Orc (2/2) D:11            Elf (1/3) Orc:2
 Vaults (0/5) D:13         Depths (0/5) D:15
  Swamp: Lair:2-4    Shoals: Lair:2-4

Altars:
Ashenzari
Dithmenos
Elyvilon
Fedhas
Gozag
Hepliaklqana
Okawaru
Ru
Trog
Wu Jian
Xom
Zin
The Shining One
Beogh

Shops:
D:12 !   D:14 ?   D:15 *   Orc:1 =   Orc:2 =*([

Annotations:
D:9 exclusion: orange crystal statue
Lair:2 exclusion: oklob plant


Innate Abilities, Weirdness & Mutations

You have a pair of horns on your head.
You reflexively headbutt those who attack you in melee.


Message History

An arrow appears from out of thin air!
You reflect the arrow off an invisible shield around you!
You hear a twanging sound.
An arrow appears from out of thin air!
The arrow hits you but does no damage.
A shard of ice appears from out of thin air!
The shard of ice hits you!!
The deep elf archer gestures at you while chanting.
You are confused.
You hear some strange, mumbled words.
A shard of ice appears from out of thin air!
The shard of ice hits you!!
* * * LOW HITPOINT WARNING * * *
A deep elf high priest comes into view.
The deep elf archer blinks!
You hear a twanging sound.
An arrow appears from out of thin air!
The arrow hits you!
* * * LOW HITPOINT WARNING * * *
You see here a +0 short sword.
The deep elf archer is engulfed in blazing flames.
There is a staircase back to the Mines here.
You can't go down here!
The deep elf high priest intones a terrible prayer.
You feel a bit more experienced.
The deep elf pyromancer gestures wildly while chanting.
You feel your intelligence returning.
In your confused state, you trip and fall back down the stairs.
* * * LOW HITPOINT WARNING * * *
The fire elemental disappears in a puff of smoke!
The deep elf knight unwields a +0 shortbow.
The deep elf knight wields a +0 scimitar.
The deep elf knight hits you but does no damage.
The deep elf pyromancer points at you and mumbles some strange words.
The sticky flame hits you. You resist.
You are covered in liquid flames!
* * * LOW HITPOINT WARNING * * *
The fire elemental hits you. The fire elemental burns you! You resist.
* * * LOW HITPOINT WARNING * * *
Unknown command.
You are covered in liquid flames!
You die...

##.#....# #..#
........# ...#
..........#...#
.........#....#
#.......○e.○
#.#...§#○#
#....#EE# #..ee##
###.#..E@####.#.#
.................
###....).........
#.........#.#.#
#....###.#....
...... .......
#...... #......
.#..... ......
#..... ##..°.


You could see a deep elf knight (fast, invisible), a deep elf high priest, a
deep elf pyromancer and 3 fire elementals.

Vanquished Creatures
  Jorgrun (D:12)
  An orc warlord (Orc:2)
  Nessos (D:12)
  Snorg (D:14)
  A vault guard (D:13)
  2 rakshasas
  4 hydras
  6 two-headed ogres
  2 boulder beetles
  Harold (D:11)
  A death knight (D:14)
  An ogre mage (D:15)
  3 centaur warriors
  An orc high priest (Orc:2)
  2 tengu warriors (D:14)
  6 skeletal warriors
  Pikel (D:6)
  A glowing orange brain (D:15)
  3 orc knights (Orc:2)
  4 deep elf pyromancers
  4 orc sorcerers
  A phantasmal warrior (D:14)
  11 ugly things
  A deep elf zephyrmancer (Elf:1)
  A manticore (D:15)
  Joseph (D:10)
  7 cyclopes
  2 black mambas
  2 gargoyles
  A cane toad (Lair:1)
  3 rime drakes
  Maggie (D:9)
  An efreet (D:14)
  The ghost of ZARRMARR the Sneak, a novice OpCj (D:4)
  6 komodo dragons
  2 freezing wraiths (D:14)
  A troll (shapeshifter) (D:14)
  3 meliai (D:14)
  4 trolls
  9 blink frogs (Lair:3)
  16 slime creatures
  Sigmund (D:2)
  A shadow (D:9)
  4 wyverns
  2 water elementals (D:13)
  An air elemental (Elf:1)
  3 wraiths
  Grum (D:8)
  2 basilisks
  24 yaks
  A fire elemental (Elf:1)
  4 wargs
  Menkaure (D:7)
  13 vampire mosquitoes
  An acid dragon (D:9)
  Duvessa (D:7)
  10 water moccasins
  25 orc warriors
  A floating eye (shapeshifter) (D:15)
  2 ice beasts
  2 black bears
  6 necrophages
  8 wolves
  7 ogres
  5 centaurs (D:14)
  A lemure (D:6)
  3 kobold brigands
  11 bullfrogs
  A gnoll sergeant (D:9)
  A wyvern zombie (D:8)
  Dowan (D:7)
  7 scorpions
  An electric eel (D:13)
  3 wights (D:8)
  2 howler monkeys
  2 bullfrog zombies
  4 centaur zombies
  13 orc priests
  A hound (D:6)
  Crazy Yiuf (D:7)
  3 bullfrog skeletons
  2 centaur skeletons
  Terence (D:2)
  2 gnoll shamans
  An iguana (D:5)
  Natasha (thrice) (D:2)
  25 orc wizards
  A killer bee zombie (D:9)
  2 hound skeletons (D:4)
  16 gnolls
  9 adders
  A white imp (D:6)
  An ufetubus (D:7)
  An adder skeleton (D:4)
  A worm (D:2)
  A dart slug (D:1)
  73 orcs
  6 ball pythons
  4 bats
  9 endoplasms
  3 giant cockroaches
  4 goblins
  3 hobgoblins
  2 jackals (D:1)
  2 quokkas
  4 frilled lizards
  19 kobolds
  2 rats (D:1)
500 creatures vanquished.

Vanquished Creatures (others)
  A deep elf archer (Elf:1)
  A deep elf pyromancer (Elf:1)
  A tengu conjurer (D:15)
  15 fungi
  13 plants
  2 withered plants (D:4)
33 creatures vanquished.

Grand Total: 533 creatures vanquished

Notes
Turn   | Place    | Note
-------+----------+-------------------------------------------
     0 | D:1      | zdrol the Minotaur Fighter began the quest for the Orb.
     0 | D:1      | Reached XP level 1. HP: 19/19 MP: 0/0
   232 | D:1      | Reached XP level 2. HP: 18/27 MP: 1/1
   613 | D:1      | Found a faded altar of an unknown god.
   641 | D:1      | Reached skill level 4 in Shields
  1546 | D:2      | Reached XP level 3. HP: 25/33 MP: 2/2
  1694 | D:2      | Noticed Terence
  1700 | D:2      | Killed Terence
  1701 | D:2      | Reached XP level 4. HP: 31/40 MP: 3/3
  1757 | D:2      | Noticed Natasha
  1765 | D:2      | Killed Natasha
  2333 | D:2      | Noticed Sigmund
  2344 | D:2      | Killed Sigmund
  2345 | D:2      | Reached XP level 5. HP: 30/46 MP: 4/4
  2345 | D:2      | Reached XP level 6. HP: 34/52 MP: 5/5
  2550 | D:2      | Noticed Natasha
  2553 | D:2      | Killed Natasha
  2652 | D:2      | Noticed Natasha
  2667 | D:2      | Killed Natasha
  3217 | D:3      | Found a broken altar of Ashenzari.
  3306 | D:3      | Identified 2 scrolls of acquirement
  3306 | D:3      | Acquired the ring of Zin's Envy {rPois rN+ Int+6}
  3313 | D:3      | Acquired the +10 morningstar "Eos" {elec, Halo rElec}
  3313 | D:3      | Found the +10 morningstar "Eos" {elec, Halo rElec}
  3815 | D:4      | Found a shimmering altar of Xom.
  3822 | D:4      | Found a glowing golden altar of the Shining One.
  3822 | D:4      | Found an ornate altar of the Wu Jian Council.
  3835 | D:4      | Found a shadowy altar of Dithmenos.
  3952 | D:4      | Found an opulent altar of Gozag.
  4130 | D:4      | Found a sacrificial altar of Ru.
  4137 | D:4      | Found a blossoming altar of Fedhas.
  4143 | D:4      | Found a white marble altar of Elyvilon.
  4229 | D:4      | Reached XP level 7. HP: 45/59 MP: 6/6
  4421 | D:4      | Learned a level 3 spell: Stone Arrow
  4438 | D:4      | Found a runed translucent door.
  4580 | D:4      | Noticed ZARRMARR's ghost (novice OpCj)
  4587 | D:4      | Killed ZARRMARR's ghost
  4588 | D:4      | Reached skill level 10 in Maces & Flails
  4828 | D:5      | Entered Level 5 of the Dungeon
  4832 | D:5      | Reached XP level 8. HP: 66/66 MP: 7/7
  4937 | D:5      | Found a staircase to the Ecumenical Temple.
  5074 | D:5      | Acquired a +1 pair of gloves of strength
  5676 | D:6      | Found a glowing silver altar of Zin.
  5718 | D:6      | Noticed Pikel
  5727 | D:6      | Killed Pikel
  5728 | D:6      | Reached XP level 9. HP: 71/71 MP: 8/8
  6113 | D:6      | Found the +8 Vampire's Tooth {vamp}
  6409 | D:7      | Noticed Duvessa
  6410 | D:7      | Noticed Dowan
  6418 | D:7      | Killed Duvessa
  6423 | D:7      | Killed Dowan
  6561 | D:7      | Noticed Menkaure
  6565 | D:7      | Killed Menkaure
  6566 | D:7      | Reached skill level 15 in Maces & Flails
  6695 | D:7      | Reached XP level 10. HP: 79/79 MP: 9/9
  6908 | D:7      | Found a runed translucent door.
  6909 | D:7      | Noticed Crazy Yiuf
  6913 | D:7      | Killed Crazy Yiuf
  7339 | D:8      | Found a hazy altar of Hepliaklqana.
  7615 | D:8      | Noticed Grum
  7735 | D:8      | Killed Grum
  7920 | D:8      | Learned a level 2 spell: Blink
  8192 | D:9      | Noticed Maggie
  8198 | D:9      | Killed Maggie
  8476 | D:9      | Noticed an orange crystal statue
  8788 | D:9      | Reached skill level 1 in Staves
  8966 | D:9      | Reached skill level 1 in Axes
  8966 | D:9      | Reached skill level 1 in Slings
  9010 | D:9      | Reached skill level 5 in Armour
  9263 | D:10     | Entered Level 10 of the Dungeon
  9265 | D:10     | Noticed Joseph
  9334 | D:9      | Reached skill level 1 in Stealth
  9337 | D:9      | Reached skill level 5 in Shields
  9499 | D:10     | Killed Joseph
  9529 | D:10     | Found an iron altar of Okawaru.
  9533 | D:10     | Noticed a centaur warrior
  9537 | D:10     | Killed a centaur warrior
  9538 | D:10     | Reached skill level 6 in Shields
  9538 | D:10     | Reached XP level 11. HP: 85/85 MP: 10/10
  9545 | D:10     | Became a worshipper of Warmaster Okawaru
  9664 | D:10     | Found a bloodstained altar of Trog.
  9727 | D:10     | Noticed a two-headed ogre
  9734 | D:10     | Killed a two-headed ogre
  9788 | D:10     | Reached * piety under Okawaru
  9797 | D:10     | Reached skill level 7 in Shields
 10183 | D:11     | Noticed a boulder beetle
 10207 | D:11     | Killed a boulder beetle
 10208 | D:11     | Reached skill level 5 in Fighting
 10262 | D:11     | Reached skill level 8 in Shields
 10279 | D:11     | Noticed Harold
 10288 | D:11     | Killed Harold
 10288 | D:11     | Reached ** piety under Okawaru
 10467 | D:11     | Reached skill level 9 in Shields
 10514 | D:11     | Reached *** piety under Okawaru
 10965 | D:11     | Found a staircase to the Orcish Mines.
 10975 | D:11     | Reached skill level 10 in Shields
 11235 | Orc:1    | Entered Level 1 of the Orcish Mines
 11235 | Orc:1    | Found Ladon's Jewellery Boutique.
 11331 | Orc:1    | Noticed an orc sorcerer
 11336 | Orc:1    | Killed an orc sorcerer
 11336 | Orc:1    | Reached **** piety under Okawaru
 11505 | Orc:2    | Entered Level 2 of the Orcish Mines
 11505 | Orc:2    | Found a staircase to the Elven Halls.
 11506 | Orc:2    | Noticed a two-headed ogre
 11513 | Orc:2    | Reached XP level 12. HP: 91/96 MP: 11/11
 11516 | Orc:2    | Killed a two-headed ogre
 11618 | Orc:2    | Found Boaphesse's Jewellery Emporium.
 11795 | Orc:2    | Reached ***** piety under Okawaru
 11796 | Orc:2    | Reached skill level 11 in Shields
 12056 | Orc:2    | Noticed an orc warlord
 12078 | Orc:2    | Noticed an orc high priest
 12084 | Orc:2    | Killed an orc warlord
 12091 | Orc:2    | HP: 4/97 [smoke demon/divine providence[an orc high priest]
                  | (14)]
 12530 | Orc:2    | Paralysed by an orc sorcerer for 5 turns
 12565 | Orc:1    | Reached skill level 12 in Shields
 12646 | Orc:2    | Found Xoif Woy's Assorted Antiques.
 12660 | Orc:2    | Received a gift from Okawaru
 13030 | Orc:2    | Killed an orc high priest
 13145 | Orc:2    | Found Vibimah's Antique Weapon Shoppe.
 13151 | Orc:2    | Found Okhloix's Antique Armour Emporium.
 13157 | Orc:2    | Bought a pair of shimmering gloves for 218 gold pieces
 13157 | Orc:2    | Identified the -4 pair of gloves of True Grit {Str+2} (You
                  | bought it in a shop on level 2 of the Orcish Mines)
 13239 | Orc:2    | Reached skill level 10 in Armour
 13314 | Elf:1    | Entered Level 1 of the Elven Halls
 13634 | D:11     | Found a staircase to the Lair.
 13648 | Lair:1   | Entered Level 1 of the Lair of Beasts
 13720 | Lair:1   | Noticed an eight-headed hydra
 13726 | Lair:1   | Received a gift from Okawaru
 13726 | Lair:1   | Found the +5 demon whip "Spellbinder" {antimagic, Will+}
 13732 | Lair:1   | Reached skill level 13 in Shields
 13735 | Lair:1   | Killed an eight-headed hydra
 14108 | Lair:1   | Reached skill level 5 in Stealth
 14108 | Lair:1   | Reached XP level 13. HP: 100/107 MP: 12/12
 14838 | Lair:2   | Found a frozen archway.
 14941 | Lair:2   | Reached skill level 14 in Shields
 15072 | Lair:2   | You fall into a shaft and drop 1 floor!
 15162 | Lair:3   | Found a hole to the Spider Nest.
 15187 | Lair:3   | Identified the -3 hat of the Harvest {rElec} (Okawaru
                  | gifted it to you on level 3 of the Lair of Beasts)
 15187 | Lair:3   | Received a gift from Okawaru
 15234 | Lair:3   | Reached ****** piety under Okawaru
 15270 | Lair:3   | Identified the +10 quarterstaff of Doomed Cruel Justice
                  | {drain, rN+}
 15757 | D:12     | Noticed Jorgrun
 15772 | D:12     | Killed Jorgrun
 15773 | D:12     | Reached skill level 15 in Shields
 16311 | D:12     | Noticed Nessos
 16313 | D:12     | Killed Nessos
 16460 | D:12     | Found a shadowy altar of Dithmenos.
 16478 | D:12     | Found Honasuga's Distillery.
 17519 | D:13     | Reached XP level 14. HP: 116/116 MP: 13/13
 17523 | D:13     | Reached skill level 16 in Shields
 17676 | D:13     | Found a gate to the Vaults.
 17683 | D:13     | Received a gift from Okawaru
 17911 | D:14     | Noticed Snorg
 17919 | D:14     | Killed Snorg
 17948 | D:14     | Found Qeky's Magic Scroll Shoppe.
 19128 | D:14     | Identified the +4 crystal plate armour of Repulsion {rF+}
                  | (Okawaru gifted it to you on level 14 of the Dungeon)
 19128 | D:14     | Received a gift from Okawaru
 19562 | D:14     | Reached skill level 17 in Shields
 19718 | D:15     | Entered Level 15 of the Dungeon
 19816 | D:15     | Found a hazy altar of Hepliaklqana.
 19818 | D:15     | Found a shimmering altar of Xom.
 19818 | D:15     | Found an ornate altar of the Wu Jian Council.
 19820 | D:15     | Found a shimmering blue altar of Sif Muna.
 19820 | D:15     | Found a shadowy altar of Dithmenos.
 19820 | D:15     | Found a burning altar of Makhleb.
 19941 | D:15     | Found Zin's Purification Station.
 19964 | D:15     | Found a glowing silver altar of Zin.
 20039 | D:15     | Paralysed by an ogre mage for 2 turns
 20707 | D:15     | Found a staircase to the Depths.
 23979 | Elf:1    | Paralysed by an air elemental for 1 turns
 23988 | Elf:1    | Paralysed by an air elemental for 1 turns
 24015 | Elf:1    | HP: 5/119 [deep elf pyromancer/sticky flame (3)]
 24015 | Elf:1    | HP: 2/119 [fire elemental[a deep elf pyromancer] (3)]
 24016 | Elf:1    | Incinerated by a deep elf pyromancer

Illustrated notes

Levels and vault maps discovered:
D:1:      grunt_arrival_crossed_arrows, layout_basic,
          shapermc_ecumenical_altar_acropolis, feat_on_display
D:2:      layout_loops_cross, uniq_natasha, uniq_sigmund, uniq_terence
D:3:      minmay_wonky_spiral, layout_basic, nicolae_ashenzari_skybound
D:4:      layout_cave_pools, minitemple, grunt_gozag_statues,
          minmay_overflow_temple_star_quad, gammafunk_ghost_grave
D:5:      layout_rooms, temple_fountains
D:6:      layout_rooms, lemuel_doored_altar, uniq_pikel
D:7:      layout_loops_ring, uniq_crazy_yiuf_cottage, uniq_duvessa,
          uniq_menkaure
D:8:      layout_loops_ring, mainiacjoe_overflow_concentric_impassable,
          uniq_grum
D:9:      layout_loops_cross, minmay_misc_feat_chi, minivault_16, uniq_maggie
D:10:     layout_cave_pools, mainiacjoe_overflow_paths,
          okawaru_metal_pillars_1_2, kennysheep_generic_room_4, uniq_joseph
D:11:     layout_layer_cave, grunt_lair_entry_orc_guard_hut,
          minmay_orc_entry_temple_small, uniq_harold
D:12:     layout_cave_pools, serial_shops, kennysheep_little_box,
          chequers_serial_rivers_micro_a, nicolae_dithmenos_the_darkroom,
          uniq_nessos, uniq_jorgrun
D:13:     layout_big_octagon, david_vaults_5
D:14:     layout_roguey, serial_shops, shop, hellmonk_bongcloud_opening,
          roderic_roman_lattice, minmay_misc_feat_tiny, uniq_snorg
D:15:     gammafunk_enter_depths_forms, layout_irregular_city,
          doesnt_xom_only_xom, zin_purify
Lair:1:   layout_regular_city
Lair:2:   layout_chaotic_city, portal_ice_cave_entry_pillars_1,
          minmay_lair_oklob_bushes, lemuel_fruit_tree, serial_bayou_shore_b,
          lemuel_fruit_fields
Lair:3:   layout_cellular_growth, nicolae_spider_entry_non_spiders,
          enter_volcano_1, st_stairs_10, grunt_megastairs_2
Orc:1:    layout_diamond_mine, enter_bailey_3, minmay_shop_enchanted_jewellery
Orc:2:    grunt_orc_community_town_hall, layout_caves,
          grunt_orc_community_big_house_2, grunt_orc_community_big_house_1,
          grunt_orc_community_house_3, grunt_orc_community_house_1,
          grunt_orc_community_house_2, grunt_orc_community_house_2
Elf:1:    hangedman_cross_veins, layout_rooms, minmay_elf_sorcery, drop_trap

Skill      XL: |  1  2  3  4  5  6  7  8  9 10 11 12 13 14 |
---------------+-------------------------------------------+-----
Fighting       | 4 6 7 8 9 |  9.9
Armour         | 4 6 8 10 12 13 | 13.4
Shields        | 4 6 10 13 15 17 | 17.8
Maces & Flails | 6 8 10 13 15 | 15.9
Short Blades   | 2 |  2.3
Bows           | 2 |  2.3
Staves         | 1 |  1.1
Axes           | 1 |  1.0
Slings         | 1 |  1.0
Stealth        | 1 3 5 6 7 |  7.1
Long Blades    | |  0.7
Polearms       | |  0.7
Crossbows      | |  0.6
Dodging        | |  0.4
Unarmed Combat | |  0.6
Spellcasting   | |  0.2
Conjurations   | |  0.3
Hexes          | |  0.3
Summonings     | |  0.5
Necromancy     | |  0.6
Translocations | |  0.4
Transmutations | |  0.5
Fire Magic     | |  0.4
Ice Magic      | |  0.6
Air Magic      | |  0.4
Earth Magic    | |  0.5
Poison Magic   | |  0.5
Invocations    | |  0.7
Evocations     | |  0.9

Action                   |  1- 3 |  4- 6 |  7- 9 | 10-12 | 13-15 || total
-------------------------+-------+-------+-------+-------+-------++-------
Melee: Flail             |    46 |     4 |       |       |       ||    50
       Headbutt          |     6 |    13 |    14 |    97 |   124 ||   254
       Mace              |       |    67 |       |       |       ||    67
       Morningstar       |       |    30 |   131 |   465 |   521 ||  1147
Throw: Dart              |     4 |     3 |    22 |    13 |     7 ||    49
Invok: Finesse           |       |       |       |       |     1 ||     1
  Use: Scroll            |     1 |     9 |     5 |    11 |     3 ||    29
       Potion            |       |       |       |     6 |     3 ||     9
 Stab: Held in net/web   |       |       |       |     1 |       ||     1
Armor: Scale mail        |    13 |    47 |       |       |       ||    60
       Plate armour      |       |     5 |    40 |   185 |   153 ||   383
       Crystal plate arm |       |       |       |       |    90 ||    90
Dodge: Dodged            |    19 |    31 |    10 |    40 |    45 ||   145
Block: Kite shield       |    19 |    62 |    78 |    63 |       ||   222
       Reflection        |       |       |     1 |    23 |    59 ||    83
       Tower shield      |       |       |       |   538 |   716 ||  1254
